 Dungeon Crawl Stone Soup version 0.28.0 (webtiles) character file.

Game seed: 1598533673625827337

37 fragbeetle the Slasher (level 3, 0/31 HPs)
             Began as a Minotaur Monk on Feb 18, 2022.
             Slain by a gnoll (4 damage)
             ... on level 2 of the Dungeon.
             The game lasted 00:01:13 (906 turns).

fragbeetle the Slasher (Minotaur Monk)               Turns: 906, Time: 00:01:14

Health: 0/31       AC:  2    Str: 17    XL:     3   Next: 23%
Magic:  2/2        EV: 12    Int:  7    God:
Gold:   46         SH:  0    Dex: 12    Spells: 2/2 levels left

rFire   . . .      SeeInvis .   a - +0 falchion
rCold   . . .      Faith    .   (no shield)
rNeg    . . .      Spirit   .   b - +0 robe
rPois   .          Reflect  .   (helmet restricted)
rElec   .          Harm     .   (no cloak)
rCorr   .          Rampage  .   (no gloves)
Will    .....                   (no boots)
Stlth   ++........              (no amulet)
HPRegen 0.10/turn               (no ring)
MPRegen 0.08/turn               (no ring)

@: no status effects
A: horns 2, retaliatory headbutt
a: no special abilities


You were on level 2 of the Dungeon.
You visited 1 branch of the dungeon, and saw 2 of its levels.

You collected 46 gold pieces.

Inventory:

Hand Weapons
 a - a +0 falchion (weapon)
Armour
 b - a +0 robe (worn)
Scrolls
 f - a scroll of teleportation {unknown}
 g - a scroll of fear {unknown}
Potions
 c - a potion of flight {unknown}
 d - 2 potions of curing {unknown}
 e - a potion of mutation {unknown}


   Skills:
 - Level 3.6 Fighting
 * Level 5.3 Long Blades
 - Level 3.2 Dodging
 - Level 1.5 Stealth


You had 2 spell levels left.
You didn't know any spells.
Your spell library contained the following spells:

 Spells                   Type           Power      Damage    Failure   Level
 Foxfire                  Conj/Fire      0%         2x1d4     43%         1


Dungeon Overview and Level Annotations

Branches:
Dungeon (2/15)

Altars:


Innate Abilities, Weirdness & Mutations

You have a pair of horns on your head.
You reflexively headbutt those who attack you in melee.


Message History

HP restored.
There is a stone staircase leading down here.
You climb downwards.
There is a stone staircase leading up here.
You now have 35 gold pieces (gained 6).
A rat comes into view.
A rat is nearby!
A rat is nearby!
Found 11 gold pieces.
The rat bites you.
You hit the rat.
You kill the rat!
No target in view!
No target in view!
HP restored.
You now have 46 gold pieces (gained 11).
A gnoll comes into view. It is wielding a +0 flail.
Found 12 gold pieces.
A gnoll is nearby!
A gnoll is nearby!
A gnoll comes into view. It is wielding a +0 halberd.
The gnoll shouts!
You hear a shout!
A gnoll comes into view. It is wielding a +0 whip.
You slash the gnoll!
The gnoll is heavily wounded.
The gnoll hits you with a +0 whip!
You closely miss the gnoll.
The gnoll is heavily wounded.
The gnoll hits you from afar with a +0 halberd!
The gnoll barely misses you.
You completely miss the gnoll. Your headbutt misses the gnoll.
The gnoll is heavily wounded.
The gnoll hits you from afar with a +0 halberd!
* * * LOW HITPOINT WARNING * * *
The gnoll hits you with a +0 whip.
* * * LOW HITPOINT WARNING * * *
You open the door.
An adder and a bat come into view.
The gnoll hits you from afar with a +0 halberd.
You die...

#..........#..........#
#..........#..........#
............#...........
#########.g...##........
...........++........
######.##.g..##........
#.....gg...............
#.#.##g######......... #
#@# ........ #'# ....
.S. ..... ...[. .|.....
....b.... .......####
#.......#


You could see 3 gnolls, an adder and a bat (asleep).

Vanquished Creatures
  An adder (D:1)
  3 goblins (D:1)
  2 hobgoblins (D:1)
  2 jackals (D:1)
  2 quokkas (D:1)
  3 ball pythons (D:1)
  4 bats (D:1)
  A frilled lizard (D:1)
  4 kobolds (D:1)
  5 rats
27 creatures vanquished.

Notes
Turn   | Place    | Note
-------+----------+-------------------------------------------
     0 | D:1      | fragbeetle the Minotaur Monk began the quest for the Orb.
     0 | D:1      | Reached XP level 1. HP: 19/19 MP: 0/0
    48 | D:1      | Reached skill level 4 in Long Blades
    73 | D:1      | Reached XP level 2. HP: 25/26 MP: 1/1
   347 | D:1      | Found a faded altar of an unknown god.
   355 | D:1      | Got Plato's Reference Book on Fire
   453 | D:1      | Reached skill level 5 in Long Blades
   626 | D:1      | Reached XP level 3. HP: 17/31 MP: 2/2
   906 | D:2      | Slain by a gnoll

Illustrated notes

Levels and vault maps discovered:
D:1:      nzn_arrival_settlement, layout_rooms,
          shapermc_ecumenical_altar_rom_forum
D:2:      layout_basic, serial_park_tiny_pond

Skill      XL: |  1  2 |
---------------+-------+-----
Long Blades    | 4 5 |  5.3
Fighting       | |  3.6
Dodging        | |  3.2
Stealth        | |  1.5

Action                   || total
-------------------------++-------
Melee: Falchion          ||    61
       Headbutt          ||     9
       Punch             ||     1
 Stab: Sleeping          ||     2
Armor: Robe              ||     9
Dodge: Dodged            ||    38
